 Dungeon Crawl Stone Soup version 0.28.0-43-g3370ac3207 (webtiles) character file.

Game seed: 1322909940174679567

32 jimonade the Vandal (level 3, 0/31 HPs)
             Began as a Gnoll Wanderer on Mar 19, 2022.
             Was an Initiate of Yredelemnul.
             Succumbed to a scorpion's poison
             ... on level 1 of the Dungeon.
             The game lasted 00:05:38 (931 turns).

jimonade the Vandal (Gnoll Wanderer)                 Turns: 931, Time: 00:05:38

Health: 0/31       AC: 10    Str: 12    XL:     3   Next: 25%
Magic:  4/4        EV:  5    Int:  9    God:    Yredelemnul [......]
Gold:   37         SH:  4    Dex: 14    Spells: 3/3 levels left

rFire   . . .      SeeInvis .   c - +0 mace
rCold   . . .      Faith    .   d - +0 buckler
rNeg    . . .      Spirit   .   n - +0 chain mail
rPois   .          Reflect  .   j - +2 hat
rElec   .          Harm     .   (no cloak)
rCorr   .          Rampage  .   (no gloves)
Will    .....                   (no boots)
Stlth   ..........              (no amulet)
HPRegen 0.10/turn               (no ring)
MPRegen 0.09/turn               (no ring)

@: lethally poisoned (0 -> -2)
A: fangs 1, strong nose, distributed training
a: Renounce Religion, Recall Undead Harvest


You were on level 1 of the Dungeon.
You worshipped Yredelemnul.
Yredelemnul was noncommittal.
You visited 1 branch of the dungeon, and saw 2 of its levels.

You collected 37 gold pieces.

Inventory:

Hand Weapons
 a - a +2 hunting sling
 c - a +0 mace (weapon)
 p - a +1 dagger of pain
Missiles
 b - 40 sling bullets
 l - 5 poisoned darts (quivered)
 m - 6 stones
Armour
 d - a +0 buckler (worn)
 e - a +0 leather armour
 g - a +0 helmet
 j - a +2 hat (worn)
 k - a +0 scale mail
 n - a +0 chain mail (worn)
 o - a +0 tower shield
Scrolls
 f - a scroll of identify {unknown}
 i - a scroll of teleportation {unknown}
Potions
 h - 2 potions of curing {unknown}


   Skills:
 + Level 4.5 Fighting
 + Level 0.7 Short Blades
 + Level 0.7 Long Blades
 + Level 0.7 Axes
 + Level 4.5 Maces & Flails
 + Level 0.7 Polearms
 + Level 0.7 Staves
 + Level 6.5 Slings
 + Level 0.7 Bows
 + Level 0.7 Crossbows
 + Level 0.7 Throwing
 + Level 2.6 Armour
 + Level 2.6 Dodging
 + Level 0.7 Stealth
 + Level 2.6 Shields
 + Level 0.7 Unarmed Combat
 + Level 0.7 Spellcasting
 + Level 0.5 Conjurations
 + Level 0.5 Hexes
 + Level 0.5 Summonings
 + Level 0.5 Necromancy
 + Level 0.5 Translocations
 + Level 0.5 Transmutations
 + Level 0.5 Fire Magic
 + Level 0.5 Ice Magic
 + Level 0.5 Air Magic
 + Level 0.5 Earth Magic
 + Level 0.5 Poison Magic
 + Level 0.9 Invocations
 + Level 0.7 Evocations


You had 3 spell levels left.
You didn't know any spells.
Your spell library contained the following spells:

 Spells                   Type           Power      Damage    Failure   Level
 Sublimation of Blood     Necr           1%         N/A       100%        2
 Wereblood                Tmut           1%         N/A       100%        2
 Inner Flame              Hex/Fire       1%         N/A       100%        3
 Cause Fear               Hex            0%         N/A       100%        4
 Summon Hydra             Summ           0%         N/A       100%        7
 Discord                  Hex            0%         N/A       100%        8


Dungeon Overview and Level Annotations

Branches:
Dungeon (2/15)

Altars:
Yredelemnul


Innate Abilities, Weirdness & Mutations

You have very sharp teeth.
Your uncanny sense of smell can sniff out nearby items.
Your experience applies equally to all skills.


Message History

There is a stone staircase leading up here.
You feel very sick.
The scorpion stings you but does no damage.
You climb upwards.
You feel very sick.
Your goblin zombie crumbles into dust!
There is a stone staircase leading down here.
Nothing appears to have answered your call.
You feel sick. The scorpion barely misses you.
You feel sick.
You feel sick. The scorpion stings you.
You feel sick.
You feel sick.
You feel sick.
You are no longer poisoned.
The scorpion stings you but does no damage.
The scorpion stings you but does no damage.
The scorpion stings you.
* * * LOW HITPOINT WARNING * * *
You block the scorpion's attack.
The scorpion stings you but does no damage.
You block the scorpion's attack. The scorpion stings you.
* * * LOW HITPOINT WARNING * * *
You are lethally poisoned!
The scorpion poisons you!
* * * LOW HITPOINT WARNING * * *
You feel sick.
You are too injured to fight recklessly!
Unknown command.
* * * LOW HITPOINT WARNING * * *
You feel sick.
* * * LOW HITPOINT WARNING * * *
You feel sick.
* * * LOW HITPOINT WARNING * * *
You feel sick.
* * * LOW HITPOINT WARNING * * *
You feel sick.
You die...
Your body rises from the dead as a mindless zombie.

.........### #.# ####.
######.#...# #.# #.
#.##.## #.# ###>
#.##.#
###.#############.ZZ
#### #.##.#
#....Z..ZZ..........
...###.##.#
##..#############...
≈≈..##.##.# #......#
#...
.≈≈..#....#####......#
####
..≈≈..........s.@....#
...≈≈...#######......#
.8..≈...# #......#
....≈..## ##..##.#
...≈≈[.# #......#
..≈≈...# #......#
.≈≈....# #>.....#
≈≈.....# #......#
......## #......##


You could see a scorpion.

Vanquished Creatures
  4 endoplasms (D:1)
  4 goblins (D:1)
  3 hobgoblins (D:1)
  A quokka (D:1)
  4 ball pythons (D:1)
  4 frilled lizards
  A kobold (D:1)
21 creatures vanquished.

Vanquished Creatures (collateral kills)
  2 ball pythons (D:1)
  A bat (D:1)
  An endoplasm (D:1)
  A giant cockroach (D:1)
  A goblin (D:1)
  A kobold (D:1)
  A rat (D:1)
8 creatures vanquished.

Grand Total: 29 creatures vanquished

Notes
Turn   | Place    | Note
-------+----------+-------------------------------------------
     0 | D:1      | jimonade the Gnoll Wanderer began the quest for the Orb.
     0 | D:1      | jimonade set off with the following items: a +2 hunting
                  | sling, 19 sling bullets, a +0 mace, a +0 buckler, a +0
                  | leather armour
     0 | D:1      | Reached XP level 1. HP: 20/20 MP: 1/1
   187 | D:1      | Reached XP level 2. HP: 26/26 MP: 2/2
   370 | D:1      | Found a faded altar of an unknown god.
   390 | D:1      | Prayed at the altar of an unknown god.
   390 | D:1      | Became a worshipper of Yredelemnul the Dark
   390 | D:1      | Reached * piety under Yredelemnul
   462 | D:1      | Reached XP level 3. HP: 29/31 MP: 3/3
   549 | D:1      | Reached ** piety under Yredelemnul
   845 | D:2      | Noticed a scorpion
   930 | D:1      | HP: 1/31 [poisoned by a scorpion]
   931 | D:1      | Succumbed to a scorpion's poison

Illustrated notes

Levels and vault maps discovered:
D:1:      moated_graveyard_arrival, layout_rooms, basic_ecumenical_altar,
          minivault_4, minmay_misc_feat_encased
D:2:      layout_basic, serial_glass, glass_columns_b, glass_columns_a,
          minmay_strange_pillars, minmay_strange_pillars,
          minmay_strange_pillars, basic_altar, minmay_fountain_box,
          grunt_ministairs_3, minmay_tripent

Action                   || total
-------------------------++-------
Melee: Mace              ||    63
       Bite              ||     6
Invok: Recall Undead Har ||     3
       Stop Recall       ||     1
Armor: Leather armour    ||     5
       Scale mail        ||     7
       Chain mail        ||    27
Dodge: Dodged            ||    28
Block: Buckler           ||    15
